 Dungeon Crawl Stone Soup version 0.31.0-9-g3a7656b989 (webtiles) character file.

Game seed: 1388967277641665501

3015545 RBrandon the Slayer (level 27, 261/261 HPs)
             Began as a Formicid Delver on Jan 25, 2024.
             Was the Champion of Jiyva.
             Escaped with the Orb
             ... and 3 runes
             ... and 4 gems!
             The game lasted 01:22:19 (31137 turns).

RBrandon the Slayer (Formicid Delver)              Turns: 31137, Time: 01:22:19

Health: 261/261    AC: 42    Str: 31    XL:     27
Magic:  23/23      EV: 30    Int:  8    God:    Jiyva [******]
Gold:   496        SH: 29    Dex: 31    Spells: 23/26 levels left

rFire   + . .        a - +6 battleaxe (flame)
rCold   + + .        r - +5 Storm Queen's Shield {shock, Fly rElec}
rNeg    + . .        M - +6 plate armour of Syuba {^Contam rPois Dex+3}
rPois   +            (helmet unavailable)
rElec   +            A - +4 dragonskin cloak
rCorr   +            j - +2 pair of gloves {Dex+3}
SInv    +            g - +2 pair of boots {rampage}
Will    ++++.        N - necklace of Bloodlust {Fury *Rage Will++ Int-3 Slay+6} Stlth
                     V - +6 ring of dexterity
HPRegen 2.23/turn    v - ring of Gimaro {^Drain rC++ rN+ EV+5 Str+3}
MPRegen 0.98/turn

%: rampage
@: flying
A: permanent stasis, dig shafts and tunnels, antennae 3, four strong arms, large
bone plates 1, agile 1, fire resistance 1, passive freeze, poison resistance,
robust 1, shaggy fur 2, acidic bite, eyeballs 1, gelatinous body 1, tendrils,
jelly absorbing missiles, MP-powered wands
0: Orb of Zot
}: 3/15 runes: serpentine, barnacled, silver
a: Dig, Shaft Self, Renounce Religion, Oozemancy, Slimify


You escaped.
You worshipped Jiyva.
Jiyva was exalted by your worship.
You visited 9 branches of the dungeon, and saw 45 of its levels.
You also visited: Bailey.

You collected 4263 gold pieces.
You spent 3767 gold pieces at shops.

Inventory:

Hand Weapons
 a - a +6 battleaxe of flaming (weapon)
   (You took it off a tengu warrior on level 15 of the Dungeon)
 b - a +2 battleaxe of electrocution
   (You took it off an orc warrior on level 2 of the Orcish Mines)
Missiles
 p - 2 curare-tipped darts
 u - a throwing net
Armour
 g - a +2 pair of boots of rampaging (worn)
   (You found it in a bailey)
 j - a +2 pair of gloves of dexterity (worn)
   (You found it on level 5 of the Vaults)
 k - a +5 plate armour of cold resistance
   (You found it on level 7 of the Dungeon)
 m - the +3 kite shield of Calculation {rF+}
   (You acquired it in a bailey)

   rF+:       It protects you from fire.
 r - the +5 Storm Queen's Shield (worn) {shock, Fly rElec}
   (You bought it in a shop on level 2 of the Orcish Mines)

   Shock:     When it blocks an attack, it may electrocute the attacker.
   This works even against foes who are a short distance away.
   rElec:     It insulates you from electricity.
   Fly:       It grants you flight.
 A - the +4 dragonskin cloak (worn)
   (You found it on level 2 of the Realm of Zot)

   Avatar's Aegis: It grants the wearer a chance to resist fire, cold, poison,
   electricity, acid, and negative energy.
 M - the +6 plate armour of Syuba (worn) {^Contam rPois Dex+3}
   (You found it on level 4 of the Vaults)

   Dex+3:     It affects your dexterity (+3).
   rPois:     It protects you from poison ^Contam: It causes magical
   contamination when unequipped.
Jewellery
 n - an amulet of regeneration
 v - the ring of Gimaro (right hand) {^Drain rC++ rN+ EV+5 Str+3}
   (You found it on level 3 of the Vaults)

   [ring of evasion]

   EV+5:      It affects your evasion (+5).
   Str+3:     It affects your strength (+3).
   rC++:      It greatly protects you from cold.
   rN+:       It protects you from negative energy.
   ^Drain:    It drains your maximum health when unequipped.
 w - an amulet of guardian spirit
 B - a ring of poison resistance
 N - the necklace of Bloodlust (around neck) {Fury *Rage Will++ Int-3 Slay+6}
   (You bought it in a shop on level 4 of the Snake Pit)

   [amulet of nothing]

   Fury:      It extends the wearer's berserk rage when killing foes.
   Int-3:     It affects your intelligence (-3).
   Slay+6:    It affects your accuracy & damage with ranged weapons and melee
   (+6).
   Will++:    It greatly increases your willpower.
   *Rage:     It berserks you when you make melee attacks (+50% chance).
 V - a +6 ring of dexterity (left hand)
 X - the amulet of the Air {Inacc Air Fly rElec RMsl}
   (You found it on level 2 of the Snake Pit)

   [amulet of nothing]

   Inacc:     It reduces the accuracy of your attacks and spells.
   Air:       It enhances your air magic.
   rElec:     It insulates you from electricity.
   Fly:       It grants you flight.
   RMsl:      It protects you from missiles.
Wands
 f - a wand of digging (7)
 s - a wand of polymorph (33)
 x - a wand of acid (16)
 F - a wand of mindburst (21)
 K - a wand of charming (22)
 S - a wand of flame (24)
 W - a wand of roots (10)
Scrolls
 c - 5 scrolls of fog
 d - 2 scrolls of revelation
 i - a scroll of silence
 D - a scroll of amnesia
 E - a scroll of noise
 Q - 8 scrolls of immolation
 T - 7 scrolls of identify
 U - 7 scrolls of poison
 Y - a scroll of butterflies
Potions
 l - 5 potions of attraction
 t - 5 potions of curing
 z - 3 potions of enlightenment
 C - 2 potions of ambrosia
 G - 2 potions of cancellation
 H - 3 potions of invisibility
 I - 2 potions of lignification
 O - 4 potions of heal wounds
 P - 2 potions of brilliance
 Z - 3 potions of mutation
Miscellaneous
 e - a phial of floods
 o - a sack of spiders
 q - a tin of tremorstones (2/2)


   Skills:
 * Level 24.1 Fighting
 - Level 20.0 Axes
 + Level 21.7 Armour
 + Level 16.2 Dodging
 - Level 6.0 Stealth
 + Level 22.8 Shields
 - Level 10.1 Necromancy
 - Level 5.4 Evocations


You had 23 spell levels left.
You knew the following spells:

 Your Spells              Type           Power      Damage    Failure   Level
a - Fugue of the Fallen   Necr           16%        N/A       9%          3

Your spell library contained the following spells:

 Spells                   Type           Power      Damage    Failure   Level
 Sublimation of Blood     Necr           16%        N/A       4%          2
 Kiss of Death            Conj/Necr      32%        2d7       22%         1
 Dispel Undead            Necr           16%        3d10      26%         4
 Curse of Agony           Necr           16%        N/A       58%         5
 Foxfire                  Conj/Fire      0%         2x1d4     86%         1
 Shock                    Conj/Air       0%         1d3       86%         1
 Anguish                  Hex/Necr       4%         N/A       91%         4
 Call Imp                 Summ           0%         N/A       95%         2
 Ensorcelled Hibernation  Hex/Ice        0%         N/A       95%         2
 Mercury Vapours          Alch/Air       0%         N/A       95%         2
 Searing Ray              Conj           0%         2d4       95%         2
 Confusing Touch          Hex            0%         N/A       99%         3
 Gell's Gravitas          Tloc           0%         N/A       99%         3
 Ozocubu's Armour         Ice            0%         N/A       99%         3
 Summon Ice Beast         Ice/Summ       0%         N/A       99%         3
 Teleport Other           Tloc           0%         N/A       99%         3
 Borgnjor's Vile Clutch   Necr/Erth      4%         N/A       99%         5
 Airstrike                Air            0%         2d(0-16)  100%        4
 Fulminant Prism          Conj/Alch      0%         3d5       100%        4
 Summon Blazeheart Golem  Fire/Summ      0%         N/A       100%        4
 Alistair's Intoxication  Alch           0%         N/A       100%        5
 Arcjolt                  Conj/Air       0%         1d10      100%        5
 Iskenderun's Battlesphe  Conj           0%         2d6       100%        5
 Metabolic Englaciation   Hex/Ice        0%         N/A       100%        5
 Summon Forest            Summ/Tloc      0%         N/A       100%        5
 Summon Mana Viper        Hex/Summ       0%         N/A       100%        5
 Bombard                  Conj/Erth      0%         9d1       100%        6
 Dispersal                Tloc           0%         N/A       100%        6
 Eringya's Noxious Bog    Alch           0%         4d6       100%        6
 Plasma Beam              Fire/Air       0%         2x1d10    100%        6
 Sculpt Simulacrum        Ice/Alch       0%         N/A       100%        6
 Starburst                Conj/Fire      0%         6d3       100%        6
 Summon Cactus Giant      Summ           0%         N/A       100%        6
 Monstrous Menagerie      Summ           0%         N/A       100%        7
 Orb of Destruction       Conj           0%         9d5       100%        7
 Spellforged Servitor     Conj/Summ      0%         N/A       100%        7
 Summon Hydra             Summ           0%         N/A       100%        7
 Maxwell's Capacitive Co  Air            0%         ∞         100%        8
 Swiftness                Air            Unusable   N/A       N/A         3
 Vhi's Electric Charge    Tloc/Air       Unusable   N/A       N/A         4

Dungeon Overview and Level Annotations

Branches:
Dungeon (15/15)            Temple (1/1) D:7            Lair (5/5) D:10
 Shoals (4/4) Lair:2        Snake (4/4) Lair:2        Slime (0/5) Lair:4
    Orc (2/2) D:9             Elf (0/3) Orc:2        Vaults (5/5) D:14
  Crypt (0/3) Vaults:2     Depths (4/4) D:15            Zot (5/5) Depths:4
 Bailey (visited)

Altars:
Ashenzari
Cheibriados
Dithmenos
Elyvilon
Fedhas
Gozag
Hepliaklqana
Kikubaaqudgha
Makhleb
Nemelex Xobeh
Okawaru
Qazlal
Ru
Sif Muna
Trog
Uskayaw
Vehumet
Wu Jian
Xom
Yredelemnul
Zin
The Shining One
Ignis
Jiyva

Shops:
D:6 *!   D:8 **   Orc:2 **![(   Shoals:1 *   Shoals:3 *   Snake:2 *[[
Snake:4 =   Depths:1 [

Portals:
Hell: Depths:1 Depths:4
Abyss: Depths:2 Depths:3
Pandemonium: Depths:2 Depths:4
Ziggurat: Depths:1
Trove: D:10 (give 4 scrolls of fog)

Annotations:
D:5 3 runed translucent doors, zewo's ghost, amateur TrFi
D:7 1 runed translucent door, Crazy Yiuf
Lair:2 2 runed translucent doors, Wuvuatt's ghost, journeyman MiBe
Vaults:2 1 runed translucent door, Vatovie's ghost, veteran MiFi
Vaults:4 1 runed translucent door


Innate Abilities, Weirdness & Mutations

You cannot be hasted, slowed, berserked, paralysed or teleported.
You can dig through walls and to a lower floor.
You have a pair of large antennae on your head. (SInv)
Your four strong arms can wield two-handed weapons with a shield.
You are partially covered in large bone plates. (SH +4)
You are agile. (Dex +4, Str/Int -1)
Your flesh is heat resistant. (rF+)
A frigid envelope surrounds you and freezes all who hurt you.
Your system is resistant to poisons. (rPois)
You are robust. (+10% HP)
You are covered in thick fur. (AC +2)
You have acidic saliva.
Your body has grown eyes which may confuse attackers. (Acc +3)
Your rubbery body absorbs attacks. (AC +1, EV +1)
You are covered in slimy tendrils that may disarm your opponents.
You have a small jelly attached to you that may absorb projectiles.
You expend magic power (3 MP) to strengthen your wands.


Message History

You cut the Brimstone Fiend into ribbons!!!
You kill the Brimstone Fiend!
No target in view!
An ice devil comes into view.
You block the ice devil's attack.
Your shield discharges, shocking the ice devil!
You slice the ice devil like a ripe choko!!!
You burn the ice devil!
You kill the ice devil!
No target in view!
You hear a distant slurping noise.
There is a stone staircase leading up here.
You fly upwards.
There is a stone staircase leading down here.
There is an entrance to Aris's Distillery here.
There is a stone staircase leading up here.
You fly upwards.
Level annotation: 3 runed translucent doors, zewo's ghost, amateur TrFi
There is a stone staircase leading down here.
There is a stone staircase leading up here.
You fly upwards.
There is a stone staircase leading down here.
HP restored.
There is a stone staircase leading down here.
There is a stone staircase leading up here.
You fly upwards.
There is a stone staircase leading down here.
There is a stone staircase leading up here.
You fly upwards.
There is a stone staircase leading down here.
You see here a +0 club.
You hear a distant slurping noise.
You see here a staff of fire.
You hear a distant slurping noise.
There is a stone staircase leading up here.
You fly upwards.
There is a stone staircase leading down here.
There is a large open door here.
There is a staircase leading out of the dungeon here.
You have escaped!

###########
#....@....#
#.........#
#.........#
#.#.....#.#
#.#.[...#.#
#.....A...#
#.........#
#.........#
##++###''##


You could see a cherub.

Vanquished Creatures
  Frederick (Depths:3)
  An orb of fire (Zot:5)
  Mara (Shoals:4)
  A juggernaut (Depths:4)
  4 Killer Klowns
  2 curse toes
  5 caustic shrikes
  10 golden dragons
  the Enchantress (Depths:1)
  A bone dragon (Depths:4)
  A Brimstone Fiend (D:7)
  2 electric golems
  Jorgrun (Orc:2)
  7 tentacled monstrosities
  A walking crystal tome (Depths:3)
  A pandemonium lord (D:7)
  23 Orb Guardians
  3 liches
  3 quicksilver dragons
  5 titans
  Mlioglotl (Shoals:4)
  10 death cobs
  Polyphemus (Shoals:3)
  2 sphinxes
  6 shadow dragons
  Kirke (Lair:3)
  3 tengu reavers
  13 storm dragons
  Gastronok (Lair:2)
  8 protean progenitors
  2 nagarajas
  6 fire giants
  5 draconian monks
  3 draconian knights
  3 iron dragons
  A draconian shifter (Zot:3)
  9 draconian scorchers
  15 vault wardens
  2 ghost moths
  4 frost giants
  2 orc warlords
  3 spriggan defenders (Depths:1)
  A draconian stormcaller (Zot:4)
  14 very ugly things
  14 ironbound preservers
  A broodmother (Zot:1)
  Nessos (D:12)
  4 draconian annihilators
  8 stone giants
  6 ironbound thunderhulks
  8 green draconians
  8 black draconians
  A vampire knight (Depths:3)
  2 bunyips (Zot:2)
  4 war gargoyles
  A dire elephant (Vaults:1)
  11 yellow draconians
  A deep elf annihilator (Vaults:1)
  8 purple draconians
  9 red draconians
  11 spark wasps
  4 white draconians
  A blizzard demon (Depths:1)
  2 merfolk javelineers (Shoals:4)
  A crystal guardian (Vaults:2)
  4 fire dragons
  Josephine (D:10)
  11 ettins
  10 yaktaur captains
  10 merfolk impalers
  4 entropy weavers
  2 jiangshi (Depths:1)
  Fannar (Orc:1)
  A deep elf high priest (Vaults:2)
  34 vault guards
  A sphinx zombie (Depths:2)
  A rakshasa (Depths:4)
  14 anacondas
  5 peacekeepers
  10 hydras
  9 ice dragons
  3 salamander tyrants
  2 ogre magi (Vaults:5)
  6 spriggan air magi
  A catoblepas (Shoals:3)
  5 boulder beetles
  4 merfolk avatars
  8 ironbound frosthearts
  A merfolk aquamancer (Shoals:4)
  Erica (Lair:1)
  2 alligator snapping turtles (Shoals:3)
  A spriggan skeleton (Depths:1)
  10 centaur warriors
  9 deep troll earth magi
  A hell beast (Depths:4)
  A two-headed ogre (D:11)
  6 satyrs
  8 deep troll shamans
  17 naga warriors
  6 tengu warriors
  11 death yaks
  3 vampire magi
  2 spriggan berserkers
  The ghost of MiniGinger the Martial Artist, a novice GnSh of Yredelemnul (D:11)
  5 orc high priests
  2 occultists
  6 shock serpents
  8 naga sharpshooters
  2 soul eaters
  6 hell knights (Depths:4)
  7 skysharks
  7 salamander mystics
  2 sixfirhies (Depths:4)
  A skyshark (shapeshifter) (Vaults:5)
  11 sea snakes
  2 skeletal warriors (Vaults:2)
  4 goliath frogs
  A golden dragon zombie (Depths:1)
  59 deep trolls
  11 iron trolls
  A shadow demon (Depths:3)
  An orange crystal statue (Zot:5)
  3 naga ritualists
  A golden dragon skeleton (Depths:2)
  11 lindwurms
  A mana viper (shapeshifter) (Vaults:5)
  11 mana vipers
  14 ironbound convokers
  A tengu zombie (Depths:2)
  5 phantasmal warriors
  14 orc knights
  8 harpies
  3 arcanists
  A deep elf pyromancer (D:14)
  4 necromancers
  A fire giant zombie (Depths:1)
  An oklob plant (Lair:4)
  17 salamanders
  12 fauns
  4 cyclopes
  10 manticores
  20 ugly things
  17 moths of wrath
  30 black mambas
  4 water nymphs
  7 merfolk sirens
  12 elephants
  9 guardian serpents
  A black mamba (shapeshifter) (D:14)
  A torpor snail (Zot:4)
  18 vault sentinels
  Joseph (D:10)
  8 naga magi
  4 gargoyles
  18 cane toads
  A torpor snail (shapeshifter) (Vaults:5)
  Maggie (D:9)
  An unseen horror (D:10)
  16 komodo dragons
  A hellion (Depths:4)
  2 rime drakes
  An efreet (D:15)
  2 freezing wraiths
  A spark wasp simulacrum (Depths:1)
  A tormentor (Zot:5)
  3 ice devils
  13 yaktaurs
  5 tengu conjurers
  Psyche (D:10)
  A queen bee (D:9)
  A hellwing (Depths:4)
  12 trolls
  2 hornets
  11 merfolk
  3 tyrant leeches (Lair:5)
  Prince Ribbit (D:8)
  2 wind drakes (Shoals:3)
  A polar bear (Lair:1)
  4 snapping turtles
  3 dream sheep (Shoals:3)
  23 blink frogs
  An ettin zombie (Depths:1)
  A stone giant simulacrum (Depths:1)
  4 spriggans
  2 ynoxinuls
  A shadow (D:11)
  Grum (D:9)
  A centaur simulacrum (D:14)
  4 wyverns
  40 yaks
  A yak (shapeshifter) (D:14)
  6 hogs (Lair:3)
  11 water elementals
  5 wraiths
  13 fire elementals
  3 basilisks
  A warg (Orc:2)
  3 redbacks (Vaults:2)
  2 steam dragons
  A redback simulacrum (D:13)
  5 vampire mosquitoes (Lair:5)
  21 nagas
  16 water moccasins
  Duvessa (D:7)
  2 ice beasts
  2 sky beasts
  A black bear (shapeshifter) (D:14)
  5 black bears
  2 laughing skulls (D:15)
  42 orc warriors
  13 wolves
  6 ogres
  5 centaurs
  A phantom (D:7)
  16 bullfrogs
  2 kobold brigands (D:8)
  2 scorpions
  4 wights (D:8)
  Dowan (D:7)
  19 killer bees
  6 electric eels
  7 howler monkeys
  6 lava snakes
  3 hounds
  30 orc priests
  A gnoll bouda (D:10)
  A jelly (D:6)
  A sleepcap (D:4)
  6 iguanas
  22 orc wizards
  14 gnolls
  5 adders
  2 white imps (D:7)
  2 dart slugs
  4 ribbon worms
  76 orcs
  2 bats
  6 endoplasms
  2 giant cockroaches
  11 goblins
  4 hobgoblins
  3 jackals (D:1)
  2 quokkas
  8 ball pythons
  2 frilled lizards
  26 kobolds
  4 rats
  4 aspiring fleshes
1571 creatures vanquished.

Vanquished Creatures (collateral kills)
  A nagaraja (Snake:2)
  A merfolk javelineer (Shoals:4)
  A merfolk impaler (Shoals:4)
  A fire dragon (D:14)
  2 merfolk aquamancers (Shoals:4)
  A shock serpent (Snake:2)
  A manticore (Shoals:4)
  A black mamba (shapeshifter) (D:15)
  A troll (D:14)
10 creatures vanquished.

Vanquished Creatures (others)
  An acid blob (Vaults:5)
  A storm dragon (Zot:2)
  An azure jelly (Vaults:5)
  A vault warden (Vaults:3)
  A formless jellyfish (Vaults:3)
  A deep elf sorcerer (Vaults:5)
  An ironbound thunderhulk (Vaults:2)
  A vampire knight (Depths:2)
  2 great orbs of eyes
  A fire dragon (Zot:4)
  A deep elf high priest (Vaults:5)
  An ironbound frostheart (Vaults:1)
  A merfolk avatar (Shoals:4)
  A boulder beetle (Vaults:1)
  A shock serpent (Snake:3)
  3 deep trolls
  An ironbound convoker (Vaults:1)
  A deep elf pyromancer (D:13)
  An ugly thing (Vaults:4)
  A salamander (Snake:4)
  4 vault sentinels
  2 yaktaurs (Vaults:4)
  A glass eye (Depths:4)
  A merfolk (Shoals:3)
  A dream sheep (shapeshifter) (Vaults:5)
  A snapping turtle (Shoals:3)
  8 slime creatures
  A centaur (Shoals:2)
  4 bullfrogs (Lair:5)
  100 jellies
  An orc priest (Orc:2)
  An orc wizard (D:5)
  4 orcs (Orc:2)
  36 foxfires (Bailey)
188 creatures vanquished.

Grand Total: 1769 creatures vanquished

Notes
Turn   | Place    | Note
-------+----------+-------------------------------------------
     0 | D:5      | RBrandon the Formicid Delver began the quest for the Orb.
     0 | D:5      | Reached XP level 1. HP: 18/18 MP: 1/1
   478 | D:1      | Reached XP level 2. HP: 18/25 MP: 2/2
   624 | D:1      | Reached skill level 4 in Fighting
   783 | D:1      | Found a faded altar of an unknown god.
   791 | D:1      | Prayed at the altar of an unknown god.
   791 | D:1      | Became a worshipper of Ignis, the Dying Flame
  1061 | D:2      | Reached XP level 3. HP: 31/31 MP: 3/3
  1227 | D:2      | Reached skill level 5 in Fighting
  1227 | D:2      | Reached XP level 4. HP: 21/39 MP: 4/4
  1802 | D:3      | Reached XP level 5. HP: 42/46 MP: 5/5
  2267 | D:4      | Reached XP level 6. HP: 47/52 MP: 6/6
  2391 | D:4      | Found a basalt altar of Yredelemnul.
  2395 | D:4      | Found a hide-covered altar of Uskayaw.
  2396 | D:4      | Found a burning altar of Makhleb.
  2396 | D:4      | Found a blossoming altar of Fedhas.
  2396 | D:4      | Found a shimmering blue altar of Sif Muna.
  2397 | D:4      | Found a snail-covered altar of Cheibriados.
  2717 | D:4      | Noticed a black bear
  2744 | D:4      | Reached skill level 1 in Armour
  2744 | D:4      | Reached XP level 7. HP: 51/57 MP: 7/7
  2962 | D:5      | Found a runed translucent gate.
  2962 | D:5      | Found a runed translucent gate.
  2962 | D:5      | Found a runed translucent gate.
  3009 | D:5      | Noticed zewo's ghost (amateur TrFi)
  3044 | D:5      | Reached skill level 5 in Axes
  3495 | D:5      | Reached XP level 8. HP: 64/64 MP: 8/8
  3984 | D:6      | Found Aris's Distillery.
  3990 | D:6      | Bought a potion of curing for 33 gold pieces
  3990 | D:6      | Bought a potion of might for 44 gold pieces
  4040 | D:6      | Identified the +1 sling "Vakh" {flame, rN+ Int+3}
  4073 | D:6      | Reached skill level 5 in Armour
  4089 | D:6      | Reached XP level 9. HP: 64/69 MP: 9/9
  4340 | D:6      | Found Muleudd's CLEARANCE SALE!.
  4462 | D:7      | Noticed a cyclops
  4533 | D:7      | Noticed a troll
  4533 | D:7      | Noticed a troll
  4551 | D:7      | Killed a troll
  4595 | D:7      | Killed a cyclops
  4702 | D:7      | Noticed Duvessa
  4712 | D:7      | Noticed Dowan
  4738 | D:7      | Killed Duvessa
  4743 | D:7      | Reached skill level 10 in Axes
  4743 | D:7      | Reached XP level 10. HP: 24/76 MP: 10/10
  4769 | D:7      | Killed Dowan
  4919 | D:7      | Found a staircase to the Ecumenical Temple.
  5099 | D:7      | Found a runed translucent door.
  5100 | D:7      | Noticed Crazy Yiuf
  5847 | D:8      | Noticed Prince Ribbit
  5859 | D:8      | Killed Prince Ribbit
  5940 | D:8      | Found Ubli's General Store.
  5944 | D:8      | Found Fasmoll's Specific Store.
  5954 | D:8      | Found the +2 ratskin cloak {*Rats rPois rN+ Str-1 Int-1
                  | Dex+1}
  6264 | D:8      | Reached XP level 11. HP: 80/81 MP: 11/11
  6289 | D:8      | Noticed a two-headed ogre
  6590 | Temple   | Entered the Ecumenical Temple
  6845 | D:9      | Found a staircase to the Orcish Mines.
  6891 | D:9      | Noticed Maggie
  6912 | D:9      | Killed Maggie
  6966 | D:9      | Found a flagged portal.
  6978 | Bailey   | Entered a bailey
  6985 | Bailey   | Noticed an orc warlord
  7041 | Bailey   | Found a runed translucent gate.
  7043 | Bailey   | Found a runed translucent gate.
  7045 | Bailey   | Found a runed translucent gate.
  7132 | Bailey   | Gained mutation: You are somewhat resistant to further
                  | mutation. [potion of mutation]
  7132 | Bailey   | Gained mutation: Your flesh is cold resistant. (rC+)
                  | [potion of mutation]
  7187 | Bailey   | Killed an orc warlord
  7188 | Bailey   | Reached skill level 10 in Armour
  7207 | Bailey   | Acquired the +3 kite shield of Calculation {rF+}
  7234 | Bailey   | Identified the +5 dagger of Fewaab {spect, ^Fragile rPois
                  | Dex+5 SInv}
  7438 | D:9      | Noticed Grum
  7441 | D:9      | Reached skill level 1 in Shields
  7465 | D:9      | Killed Grum
  7933 | D:10     | Entered Level 10 of the Dungeon
  8029 | D:10     | Noticed Psyche
  8035 | D:10     | Killed Psyche
  8184 | D:10     | Found a sparkling altar of Nemelex Xobeh.
  8222 | D:10     | Noticed Josephine
  8222 | D:10     | Noticed Joseph
  8236 | D:10     | Killed Josephine
  8237 | D:10     | Reached XP level 12. HP: 35/87 MP: 12/12
  8243 | D:10     | Killed Joseph
  8244 | D:10     | Found a broken altar of Ashenzari.
  8372 | D:10     | Found a staircase to the Lair.
  8404 | Lair:1   | Entered Level 1 of the Lair of Beasts
  8669 | Lair:1   | Reached skill level 5 in Shields
  8737 | Lair:1   | Noticed Erica
  8747 | Lair:1   | Killed Erica
  8768 | Lair:1   | Reached skill level 15 in Axes
  9149 | Lair:2   | Noticed a death yak
  9153 | Lair:2   | Noticed a death yak
  9157 | Lair:2   | Noticed a death yak
  9158 | Lair:2   | Killed a death yak
  9158 | Lair:2   | Noticed a death yak
  9165 | Lair:2   | Noticed a boulder beetle
  9174 | Lair:2   | Killed a death yak
  9181 | Lair:2   | Killed a boulder beetle
  9187 | Lair:2   | Killed a death yak
  9189 | Lair:2   | Killed a death yak
  9190 | Lair:2   | Reached XP level 13. HP: 18/93 MP: 13/13
  9327 | Lair:2   | Found a large runed translucent door.
  9328 | Lair:2   | Found a large runed translucent door.
  9336 | Lair:2   | Noticed Wuvuatt's ghost (journeyman MiBe)
  9503 | Lair:2   | Found a staircase to the Snake Pit.
  9676 | Lair:2   | Noticed Gastronok
  9693 | Lair:2   | Killed Gastronok
  9776 | Lair:2   | Noticed a four-headed hydra
 10030 | Lair:3   | Reached skill level 6 in Fighting
 10175 | Lair:3   | Noticed Kirke
 10180 | Lair:3   | Noticed a sphinx
 10379 | Lair:3   | Killed Kirke
 10753 | Lair:4   | Identified the +1 rapier of Moqom {freeze, rElec Int+3}
 10758 | Lair:4   | Noticed a six-headed hydra
 10930 | Lair:2   | Killed a one-headed hydra
 10931 | Lair:2   | Reached skill level 5 in Dodging
 10931 | Lair:2   | Reached XP level 14. HP: 100/101 MP: 14/14
 11179 | Lair:4   | Reached skill level 7 in Fighting
 11183 | Lair:4   | Reached skill level 10 in Shields
 11684 | Lair:4   | Found a staircase to the Slime Pits.
 11684 | Lair:4   | Found a viscous altar of Jiyva.
 11697 | Lair:4   | Fell from the grace of Ignis
 11697 | Lair:4   | Became a worshipper of Jiyva Junaag the Shapeless
 11997 | Lair:5   | Entered Level 5 of the Lair of Beasts
 12248 | Lair:5   | Reached * piety under Jiyva
 12311 | Lair:5   | Reached skill level 8 in Fighting
 12474 | Lair:5   | Reached XP level 15. HP: 110/110 MP: 15/15
 12689 | Lair:5   | Reached ** piety under Jiyva
 13351 | D:10     | Was forgiven by Ignis
 13392 | Orc:1    | Entered Level 1 of the Orcish Mines
 13456 | Orc:2    | Entered Level 2 of the Orcish Mines
 13960 | Orc:2    | Reached skill level 9 in Fighting
 14127 | Orc:2    | Found Saepib's Distillery.
 14127 | Orc:2    | Found Katiufyc's General Store.
 14128 | Orc:2    | Found Abrefua's Antique Weapon Emporium.
 14128 | Orc:2    | Found Ycliv's Armour Shoppe.
 14136 | Orc:2    | Bought the +5 Storm Queen's Shield {shock, Fly rElec} for
                  | 729 gold pieces
 14136 | Orc:2    | Found the +5 Storm Queen's Shield {shock, Fly rElec}
 14284 | Orc:2    | Reached *** piety under Jiyva
 14400 | Orc:2    | Noticed Jorgrun
 14415 | Orc:2    | Killed Jorgrun
 14434 | Orc:2    | Found a staircase to the Elven Halls.
 14480 | Orc:2    | Lost mutation: You are somewhat resistant to further
                  | mutation. [Jiyva's grace]
 14480 | Orc:2    | Gained mutation: You have hidden genetic potential.
                  | [Jiyva's grace]
 14480 | Orc:2    | Gained mutation: You have great hidden genetic potential.
                  | [Jiyva's grace]
 14480 | Orc:2    | Gained mutation: Your muscles are strong. (Str +4, Int/Dex
                  | -1) [Jiyva's grace]
 14480 | Orc:2    | Gained mutation: Your muscles are very strong. (Str +8,
                  | Int/Dex -2) [Jiyva's grace]
 14690 | Orc:2    | Found Ruareug's General Store.
 14729 | Orc:1    | Noticed Fannar
 14740 | Orc:1    | Killed Fannar
 15007 | D:10     | Found a portal to a secret trove of treasure.
 15039 | D:11     | Found a runed translucent gate.
 15039 | D:11     | Found a runed translucent gate.
 15039 | D:11     | Found a runed translucent gate.
 15039 | D:11     | Found an opulent altar of Gozag.
 15044 | D:11     | Noticed MiniGinger's ghost (novice GnSh)
 15300 | D:11     | Reached **** piety under Jiyva
 15627 | D:11     | Found the +5 Force Lance {heavy, knockback}
 15791 | D:11     | Killed MiniGinger's ghost
 15792 | D:11     | Reached XP level 16. HP: 121/121 MP: 16/16
 15866 | D:12     | Noticed Nessos
 15887 | D:12     | Killed Nessos
 15976 | D:12     | Reached ***** piety under Jiyva
 16071 | D:12     | Gained mutation: You are agile. (Dex +4, Str/Int -1)
                  | [Jiyva's grace]
 16071 | D:12     | Gained mutation: You are very agile. (Dex +8, Str/Int -2)
                  | [Jiyva's grace]
 16071 | D:12     | Gained mutation: You expend magic power (3 MP) to
                  | strengthen your wands. [Jiyva's grace]
 16071 | D:12     | Gained mutation: You are partially covered in iridescent
                  | scales. (AC +2) [Jiyva's grace]
 16806 | D:14     | Reached skill level 10 in Fighting
 17108 | D:14     | Found a gate to the Vaults.
 17218 | D:15     | Entered Level 15 of the Dungeon
 17270 | D:15     | Identified the +1 falchion "Iresmesh" {heavy, +Blink}
 17451 | D:15     | Found a staircase to the Depths.
 17470 | D:15     | Gained mutation: You passively map a small area around you.
                  | [hidden potential]
 17536 | D:15     | Lost mutation: You expend magic power (3 MP) to strengthen
                  | your wands. [Jiyva's grace]
 17536 | D:15     | Gained mutation: You are covered in slimy tendrils that may
                  | disarm your opponents. [Jiyva's grace]
 17536 | D:15     | Gained mutation: Your mind is acute. (Int +4, Str/Dex -1)
                  | [Jiyva's grace]
 17536 | D:15     | Gained mutation: Your mind is very acute. (Int +8, Str/Dex
                  | -2) [Jiyva's grace]
 17536 | D:15     | Gained mutation: You have sharp toenails. [Jiyva's grace]
 17553 | D:15     | Reached skill level 15 in Armour
 17800 | Lair:2   | Found a staircase to the Shoals.
 17813 | Shoals:1 | Entered Level 1 of the Shoals
 17813 | Shoals:1 | Reached ****** piety under Jiyva
 17883 | Shoals:1 | Found Tur Gaed's Gadget Gallery.
 17891 | Shoals:1 | Bought a phial of floods for 640 gold pieces
 18183 | Shoals:2 | Reached XP level 17. HP: 130/130 MP: 17/17
 18314 | Shoals:2 | Reached skill level 11 in Fighting
 18401 | Shoals:3 | Noticed Polyphemus
 18418 | Shoals:3 | Killed Polyphemus
 18510 | Shoals:3 | Gained mutation: You are covered in fur. (AC +1) [hidden
                  | potential]
 18510 | Shoals:3 | Lost mutation: You have great hidden genetic potential.
                  | [hidden potential expressed]
 18515 | Shoals:3 | Learned a level 3 spell: Fugue of the Fallen
 18760 | Shoals:3 | Lost mutation: You are very agile. (Dex +8, Str/Int -2)
                  | [Jiyva's grace]
 18760 | Shoals:3 | Lost mutation: Your flesh is cold resistant. (rC+) [Jiyva's
                  | grace]
 18760 | Shoals:3 | Lost mutation: You passively map a small area around you.
                  | [Jiyva's grace]
 18760 | Shoals:3 | Lost mutation: You are covered in slimy tendrils that may
                  | disarm your opponents. [Jiyva's grace]
 18760 | Shoals:3 | Gained mutation: Your translucent skin slightly reduces
                  | your foes' accuracy. (Stealth+) [Jiyva's grace]
 18760 | Shoals:3 | Gained mutation: Your translucent skin reduces your foes'
                  | accuracy. (Stealth+) [Jiyva's grace]
 18760 | Shoals:3 | Gained mutation: Your transparent skin significantly
                  | reduces your foes' accuracy. (Stealth+) [Jiyva's grace]
 18760 | Shoals:3 | Gained mutation: You are mostly covered in iridescent
                  | scales. (AC +4) [Jiyva's grace]
 18782 | Shoals:3 | Found Geha's Assorted Antiques.
 18787 | Shoals:3 | Bought a scroll labelled DOGRANO KYDY for 31 gold pieces
 18787 | Shoals:3 | Bought a scroll labelled DOGRANO KYDY for 31 gold pieces
 18800 | Shoals:4 | Entered Level 4 of the Shoals
 18800 | Shoals:4 | Noticed Mara
 18825 | Shoals:4 | Noticed RBrandon's illusion
 18839 | Shoals:4 | Killed Mara
 18868 | Shoals:4 | Got Sif Muna's Papyrus of Reconfigured Wounds
 18872 | Shoals:4 | Noticed Mlioglotl
 18888 | Shoals:4 | Killed Mlioglotl
 18889 | Shoals:4 | Reached skill level 1 in Necromancy
 19030 | Shoals:4 | Reached skill level 5 in Necromancy
 19064 | Shoals:4 | Reached XP level 18. HP: 105/138 MP: 18/18
 19072 | Shoals:4 | Got an azure gem with 628 turns to spare
 19075 | Shoals:4 | Got a barnacled rune of Zot
 19191 | Snake:1  | Entered Level 1 of the Snake Pit
 19262 | Snake:1  | Identified the +2 flail "Sov Ito" {speed, Will++ Int-2
                  | Dex+5}
 19540 | Snake:2  | Found a transporter.
 19542 | Snake:2  | Found the amulet of the Air {Inacc Air Fly rElec RMsl}
 19661 | Snake:2  | Found a transporter.
 19676 | Snake:2  | Found Goephiupu's Overcharged Wands.
 19711 | Snake:2  | Gained mutation: You are resistant to electric shocks.
                  | (rElec) [hidden potential]
 19719 | Snake:2  | Found Rulusarph's Antique Armour Emporium.
 19727 | Snake:2  | Found Resickum's Armour Emporium.
 19791 | Snake:2  | Reached skill level 10 in Necromancy
 20158 | Snake:2  | Reached skill level 12 in Fighting
 20354 | Snake:3  | Lost mutation: You are mostly covered in iridescent scales.
                  | (AC +4) [Jiyva's grace]
 20354 | Snake:3  | Lost mutation: You are agile. (Dex +4, Str/Int -1) [Jiyva's
                  | grace]
 20354 | Snake:3  | Lost mutation: You are resistant to electric shocks.
                  | (rElec) [Jiyva's grace]
 20354 | Snake:3  | Lost mutation: Your muscles are very strong. (Str +8,
                  | Int/Dex -2) [Jiyva's grace]
 20354 | Snake:3  | Lost mutation: Your muscles are strong. (Str +4, Int/Dex
                  | -1) [Jiyva's grace]
 20354 | Snake:3  | Lost mutation: Your transparent skin significantly reduces
                  | your foes' accuracy. (Stealth+) [Jiyva's grace]
 20354 | Snake:3  | Lost mutation: Your translucent skin reduces your foes'
                  | accuracy. (Stealth+) [Jiyva's grace]
 20354 | Snake:3  | Gained mutation: Your muscles are strong. (Str +4, Int/Dex
                  | -1) [Jiyva's grace]
 20354 | Snake:3  | Gained mutation: Your muscles are very strong. (Str +8,
                  | Int/Dex -2) [Jiyva's grace]
 20354 | Snake:3  | Gained mutation: Your flesh is heat resistant. (rF+)
                  | [Jiyva's grace]
 20354 | Snake:3  | Gained mutation: Your flesh is very heat resistant. (rF++)
                  | [Jiyva's grace]
 20569 | Snake:3  | Found a bloodstained altar of Trog.
 20813 | Snake:3  | Reached skill level 15 in Shields
 20993 | Snake:4  | Entered Level 4 of the Snake Pit
 21014 | Snake:4  | Noticed Louise
 21017 | Snake:4  | Slimified Louise
 21017 | Snake:4  | Louise changed into Louise the azure jelly
 21017 | Snake:4  | Noticed Louise
 21037 | Snake:4  | Found Poage's Jewellery Shoppe.
 21175 | Snake:4  | Reached XP level 19. HP: 148/148 MP: 19/19
 21179 | Snake:4  | Reached skill level 10 in Dodging
 21202 | Snake:4  | Reached skill level 13 in Fighting
 21441 | Snake:4  | Gained mutation: You have great hidden genetic potential.
                  | [hidden potential]
 21441 | Snake:4  | Lost mutation: You have great hidden genetic potential.
                  | [hidden potential expressed]
 21460 | Snake:4  | Got a jade gem with 258 turns to spare
 21462 | Snake:4  | Got a serpentine rune of Zot
 21818 | Vaults:1 | Entered Level 1 of the Vaults
 21835 | Vaults:1 | Reached skill level 14 in Fighting
 22133 | Vaults:1 | Lost mutation: You have sharp toenails. [Jiyva's grace]
 22133 | Vaults:1 | Lost mutation: You are partially covered in iridescent
                  | scales. (AC +2) [Jiyva's grace]
 22133 | Vaults:1 | Lost mutation: Your muscles are very strong. (Str +8,
                  | Int/Dex -2) [Jiyva's grace]
 22133 | Vaults:1 | Gained mutation: You are strong-willed. (Will+) [Jiyva's
                  | grace]
 22133 | Vaults:1 | Gained mutation: You are highly strong-willed. (Will++)
                  | [Jiyva's grace]
 22133 | Vaults:1 | Gained mutation: You are extremely strong-willed. (Will+++)
                  | [Jiyva's grace]
 22133 | Vaults:1 | Gained mutation: You are covered in slimy tendrils that may
                  | disarm your opponents. [Jiyva's grace]
 22408 | Vaults:2 | Reached XP level 20. HP: 161/161 MP: 20/20
 22415 | Vaults:2 | Reached skill level 15 in Fighting
 22546 | Vaults:2 | Found a runed translucent door.
 22546 | Vaults:2 | Noticed Vatovie's ghost (veteran MiFi)
 23100 | Vaults:2 | Found a staircase to the Crypt.
 23185 | Vaults:2 | Gained mutation: You are partially covered in iridescent
                  | scales. (AC +2) [hidden potential]
 23571 | Vaults:3 | Reached skill level 16 in Fighting
 23584 | Vaults:3 | Identified the ring of Gimaro {^Drain rC++ rN+ EV+5 Str+3}
 23816 | Vaults:4 | Found a runed translucent door.
 23845 | Vaults:4 | Found a crumbling gateway.
 23858 | Vaults:4 | Reached XP level 21. HP: 166/172 MP: 21/21
 23896 | Vaults:4 | Identified the +6 plate armour of Syuba {^Contam rPois
                  | Dex+3}
 23989 | Vaults:4 | Lost mutation: You are partially covered in iridescent
                  | scales. (AC +2) [Jiyva's grace]
 23989 | Vaults:4 | Lost mutation: Your translucent skin slightly reduces your
                  | foes' accuracy. (Stealth+) [Jiyva's grace]
 23989 | Vaults:4 | Gained mutation: You have great hidden genetic potential.
                  | [Jiyva's grace]
 23989 | Vaults:4 | Gained mutation: Your rubbery body absorbs attacks. (AC +1,
                  | EV +1) [Jiyva's grace]
 23989 | Vaults:4 | Gained mutation: Your pliable body absorbs attacks. (AC +2,
                  | EV +2) [Jiyva's grace]
 23989 | Vaults:4 | Gained mutation: Your gelatinous body deflects attacks. (AC
                  | +3, EV +3) [Jiyva's grace]
 24173 | Vaults:4 | Reached skill level 17 in Fighting
 24629 | Vaults:5 | Entered Level 5 of the Vaults
 24655 | Vaults:5 | Gained mutation: Your muscles are very strong. (Str +8,
                  | Int/Dex -2) [hidden potential]
 24655 | Vaults:5 | Lost mutation: You have great hidden genetic potential.
                  | [hidden potential expressed]
 24827 | Vaults:5 | Reached skill level 18 in Fighting
 24989 | Vaults:5 | Reached XP level 22. HP: 167/182 MP: 22/22
 25090 | Vaults:5 | Identified the +1 quarterstaff of Beyond {heavy, rF++ rCorr
                  | SInv}
 25105 | Vaults:5 | Got Wewkel's Spellbook of Dark Acts and Imprecation
 25192 | Vaults:5 | Got a shining gem with 576 turns to spare
 25194 | Vaults:5 | Got a silver rune of Zot
 25379 | Depths:1 | Entered Level 1 of the Depths
 25655 | D:6      | Bought 2 potions of experience for 1100 gold pieces
 25655 | D:6      | Reached XP level 23. HP: 192/192 MP: 23/23
 25656 | D:6      | Reached skill level 5 in Evocations
 25656 | D:6      | Reached XP level 24. HP: 200/200 MP: 23/23
 25825 | Orc:2    | Bought a sack of spiders for 480 gold pieces
 26089 | Snake:4  | Bought the necklace of Bloodlust {Fury *Rage Will++ Int-3
                  | Slay+6} for 679 gold pieces
 26089 | Snake:4  | Found the necklace of Bloodlust {Fury *Rage Will++ Int-3
                  | Slay+6}
 26351 | Depths:1 | Reached skill level 19 in Fighting
 26512 | Depths:1 | Lost mutation: Your mind is very acute. (Int +8, Str/Dex
                  | -2) [Jiyva's grace]
 26512 | Depths:1 | Lost mutation: Your flesh is very heat resistant. (rF++)
                  | [Jiyva's grace]
 26512 | Depths:1 | Lost mutation: You are extremely strong-willed. (Will+++)
                  | [Jiyva's grace]
 26512 | Depths:1 | Lost mutation: You are highly strong-willed. (Will++)
                  | [Jiyva's grace]
 26512 | Depths:1 | Lost mutation: Your muscles are very strong. (Str +8,
                  | Int/Dex -2) [Jiyva's grace]
 26512 | Depths:1 | Lost mutation: Your muscles are strong. (Str +4, Int/Dex
                  | -1) [Jiyva's grace]
 26512 | Depths:1 | Lost mutation: Your gelatinous body deflects attacks. (AC
                  | +3, EV +3) [Jiyva's grace]
 26512 | Depths:1 | Gained mutation: You are covered in thick fur. (AC +2)
                  | [Jiyva's grace]
 26512 | Depths:1 | Gained mutation: Your thick and shaggy fur keeps you warm.
                  | (AC +3, rC+) [Jiyva's grace]
 26512 | Depths:1 | Gained mutation: You are partially covered in large bone
                  | plates. (SH +4) [Jiyva's grace]
 26512 | Depths:1 | Gained mutation: You are mostly covered in large bone
                  | plates. (SH +6) [Jiyva's grace]
 26523 | Depths:1 | Found a gateway to Hell.
 26545 | Depths:1 | Noticed the Enchantress
 26579 | Depths:1 | Killed the Enchantress
 26609 | Depths:1 | Gained mutation: You are agile. (Dex +4, Str/Int -1)
                  | [hidden potential]
 26618 | Depths:1 | Found a one-way gateway to a ziggurat.
 26960 | Depths:1 | Found Soificid's Armour Shoppe.
 27392 | Depths:2 | Found a one-way gate leading to the halls of Pandemonium.
 27580 | Depths:2 | Found a one-way gate to the infinite horrors of the Abyss.
 27632 | Depths:2 | Found a shadowy altar of Dithmenos.
 27668 | Depths:3 | Identified the orb of Oreockeasm {*channel, rN++ MP+9}
 27668 | Depths:3 | Noticed Frederick
 27673 | Depths:3 | Reached skill level 20 in Fighting
 27673 | Depths:3 | Noticed a golden dragon
 27687 | Depths:3 | Killed a golden dragon
 27693 | Depths:3 | Killed Frederick
 27804 | Depths:3 | Noticed a golden dragon
 27806 | Depths:3 | Reached XP level 25. HP: 211/211 MP: 23/23
 28038 | Depths:3 | Noticed a caustic shrike
 28040 | Depths:3 | Found the +2 Maxwell's thermic engine {flame, freeze, rev}
 28049 | Depths:3 | Killed a caustic shrike
 28155 | Depths:4 | Entered Level 4 of the Depths
 28231 | Depths:4 | Noticed a juggernaut
 28237 | Depths:4 | Killed a juggernaut
 28256 | Depths:4 | Gained mutation: Your skin changes colour to match your
                  | surroundings (Stealth+). [hidden potential]
 28256 | Depths:4 | Lost mutation: You have hidden genetic potential. [hidden
                  | potential expressed]
 28377 | Depths:4 | Reached skill level 21 in Fighting
 28501 | Depths:4 | Lost mutation: You are mostly covered in large bone plates.
                  | (SH +6) [Jiyva's grace]
 28501 | Depths:4 | Lost mutation: Your skin changes colour to match your
                  | surroundings (Stealth+). [Jiyva's grace]
 28501 | Depths:4 | Lost mutation: Your thick and shaggy fur keeps you warm.
                  | (AC +3, rC+) [Jiyva's grace]
 28501 | Depths:4 | Gained mutation: You are very agile. (Dex +8, Str/Int -2)
                  | [Jiyva's grace]
 28501 | Depths:4 | Gained mutation: You have a small jelly attached to you
                  | that may absorb projectiles. [Jiyva's grace]
 28501 | Depths:4 | Gained mutation: You have acidic saliva. [Jiyva's grace]
 28501 | Depths:4 | Gained mutation: Your body has grown eyes which may confuse
                  | attackers. (Acc +3) [Jiyva's grace]
 28602 | Depths:4 | Noticed a caustic shrike
 28602 | Depths:4 | Noticed a caustic shrike
 28602 | Depths:4 | Noticed a caustic shrike
 28603 | Depths:4 | Noticed a caustic shrike
 28609 | Depths:4 | Killed a caustic shrike
 28611 | Depths:4 | Killed a caustic shrike
 28613 | Depths:4 | Killed a caustic shrike
 28616 | Depths:4 | Killed a caustic shrike
 28929 | Depths:4 | Found a gate to the Realm of Zot.
 28997 | Depths:4 | Got a midnight gem with 455 turns to spare
 28999 | Zot:1    | Entered Level 1 of the Realm of Zot
 29107 | Zot:2    | Reached XP level 26. HP: 167/224 MP: 23/23
 29159 | Zot:2    | Noticed a Killer Klown
 29191 | Zot:2    | Killed a Killer Klown
 29192 | Zot:2    | Reached skill level 22 in Fighting
 29197 | Zot:3    | Found the +4 dragonskin cloak
 29197 | Zot:3    | Noticed Tiamat
 29224 | Zot:2    | Reached skill level 15 in Dodging
 29240 | Zot:2    | Slimified Tiamat
 29240 | Zot:2    | Tiamat changed into Tiamat the azure jelly
 29240 | Zot:2    | Noticed Tiamat
 29259 | Zot:2    | Noticed a curse toe
 29339 | Zot:2    | Killed a curse toe
 29409 | Zot:3    | Noticed a curse toe
 29455 | Zot:3    | Killed a curse toe
 29707 | Zot:3    | Reached skill level 23 in Fighting
 29918 | Zot:4    | Found a sacrificial altar of Ru.
 29951 | Zot:4    | Found a shadowy altar of Dithmenos.
 30006 | Zot:5    | Entered Level 5 of the Realm of Zot
 30063 | Zot:5    | Lost mutation: You are very agile. (Dex +8, Str/Int -2)
                  | [Jiyva's grace]
 30063 | Zot:5    | Lost mutation: Your mind is acute. (Int +4, Str/Dex -1)
                  | [Jiyva's grace]
 30063 | Zot:5    | Lost mutation: You are strong-willed. (Will+) [Jiyva's
                  | grace]
 30063 | Zot:5    | Lost mutation: Your pliable body absorbs attacks. (AC +2,
                  | EV +2) [Jiyva's grace]
 30063 | Zot:5    | Gained mutation: A frigid envelope surrounds you and
                  | freezes all who hurt you. [Jiyva's grace]
 30063 | Zot:5    | Gained mutation: You expend magic power (3 MP) to
                  | strengthen your wands. [Jiyva's grace]
 30063 | Zot:5    | Gained mutation: Your system is resistant to poisons.
                  | (rPois) [Jiyva's grace]
 30063 | Zot:5    | Gained mutation: You are robust. (+10% HP) [Jiyva's grace]
 30092 | Zot:5    | Reached XP level 27. HP: 258/258 MP: 23/23
 30253 | Zot:5    | Noticed a Killer Klown
 30269 | Zot:5    | Killed a Killer Klown
 30315 | Zot:5    | Noticed a Killer Klown
 30338 | Zot:5    | Killed a Killer Klown
 30404 | Zot:5    | Noticed a Killer Klown
 30423 | Zot:5    | Noticed an orb of fire
 30445 | Zot:5    | Killed an orb of fire
 30461 | Zot:5    | Noticed a Killer Klown
 30473 | Zot:5    | Killed a Killer Klown
 30564 | Zot:5    | Reached skill level 24 in Fighting
 30574 | Zot:5    | Got the Orb of Zot
 30600 | Zot:5    | Noticed Uca Noiw the pandemonium lord
 31000 | D:7      | Noticed Vailorhe the pandemonium lord
 31012 | D:7      | Killed Vailorhe the pandemonium lord
 31137 | D:$      | Escaped with the Orb!

Illustrated notes

Levels and vault maps discovered:
D:1:      lemuel_arrival_behind_the_door_large, layout_rooms,
          dreamdust_ecumenical_altar_hidden_monk_grotto
D:2:      layout_loops_ring
D:3:      layout_basic, serial_forest, infiniplex_forest_clump_small,
          infiniplex_forest_end_2, infiniplex_forest_straight_2,
          infiniplex_forest_lined_2, infiniplex_forest_lined_4_way,
          infiniplex_forest_clump_cross, infiniplex_forest_end_2
D:4:      layout_loops_cross, grunt_temple_overflow_open
D:5:      layout_loops_corners, gammafunk_ghost_icy, guppyfry_early_orc_mine
D:6:      minmay_klotski, layout_basic, serial_shops, nicolae_stop_n_shop_2,
          nicolae_shop_clearance
D:7:      layout_basic, minmay_temple_entry_hall, roderic_roman_lattice,
          kb_rosetta, uniq_crazy_yiuf_cottage, uniq_duvessa
D:8:      layout_loops_corners, nicolae_specific_store, uniq_prince_ribbit1
D:9:      nicolae_moon_pools, layout_irregular_city, enter_bailey_7,
          minmay_gold_behind_fungi, nicolae_looking_at_the_future, uniq_grum,
          uniq_maggie
D:10:     layout_roguey, old_standard_altar, overflow_temple_1_default,
          lair_entry_dummy, enter_trove_5, uniq_josephine, uniq_psyche,
          uniq_joseph
D:11:     layout_basic, ebering_ghost_gozag
D:12:     layout_cave_pools, nicolae_water_bricks,
          nicolae_concentric_dashed_squares_wild, columned_hall_lemuel,
          uniq_nessos
D:13:     layout_rooms
D:14:     layout_cave_pools, david_vaults_4, minivault_11
D:15:     hangedman_depths_entry_civil_slaughter, layout_cave_pools,
          minmay_strange_pillars, lightli_minifort
Temple:   nicolae_temple_ecumenical_triangle
Lair:1:   layout_long_grid, infiniplex_staircase_pool, uniq_erica
Lair:2:   layout_regular_city, minmay_shoals_entry_hut,
          nicolae_snake_entry_warm_welcome, ebering_ghost_disaster_area,
          uniq_gastronok
Lair:3:   layout_gridlike, grunt_megastairs_4, uniq_kirke
Lair:4:   layout_long_grid, minmay_slime_entry_oklob_open
Lair:5:   minmay_lair_end_frog_pond, layout_cave_shapes,
          nicolae_lair_liquid_snakes, serial_bayou_shore_b
Shoals:1: layout_shoals, nicolae_shoals_cliffside_cave, nicolae_shop_gadgets
Shoals:2: layout_shoals, centaur_isle
Shoals:3: layout_shoals, serial_shops, nicolae_shop_rolling_square,
          uniq_polyphemus
Shoals:4: shoals_end_simple, layout_shoals, shoal_ilsuiw, uniq_mlioglotl,
          uniq_mara
Snake:1:  layout_gridlike, serial_bayou_shore_b, minmay_shop_grove,
          lemuel_fruit_tree, serial_bayou_shore_a
Snake:2:  gammafunk_the_bubble [the_bubble_gammafunk_crates],
          layout_grid_shapes, st_stairs_8, nicolae_shop_overcharged_wands,
          serial_bayou_shore_b, minmay_shop_star
Snake:3:  layout_grid_maze, basic_altar
Snake:4:  snake_pit_salamanders_mu, layout_chambers, serial_shops, shop,
          ebering_ghost_rock_garden, st_stairs_8, uniq_louise, uniq_saint_roka
Orc:1:    layout_diamond_mine, serial_shops, shop,
          nicolae_orc_takin'_care_of_business, uniq_fannar
Orc:2:    st_orc_pillars, layout_diamond_mine, serial_shops,
          nicolae_lakefront_shop, basic_altar, uniq_jorgrun
Vaults:1: nicolae_vaults_little_guard_posts,
          vaults_room_grunt_arrival_checkpoint, v_pattern_4,
          nicolae_vaults_storage_closets_1, nicolae_vaults_closet_pinwheel_3,
          nicolae_vaults_house_1, layout_vaults_omnigrid, uniq_boris
Vaults:2: ebering_ghost_inner_flame, ontoclasm_vaults_claustrophobia,
          grunt_vaults_twisty, minmay_crypt_entry_simple_round,
          vaults_dpeg_spiral, st_octagons_2, vaults_mumra_minichess, v_misc_9,
          hangedman_vaults_corner_blocks, v_pattern_1,
          ontoclasm_vaults_loading_screen, nicolae_vaults_sealed_display,
          nicolae_vaults_angled_halls, nicolae_vaults_border_crossing,
          layout_vaults_omnicross, uniq_margery
Vaults:3: ontoclasm_vaults_ring_square, hangedman_vaults_trim,
          nicolae_vaults_heist, st_diamondy, nicolae_vaults_heart-shaped_vault,
          vaults_room_pool, ontoclasm_vaults_hangar,
          vaults_mumra_minichess_inversion, vaults_dpeg_hooks,
          nicolae_vaults_storage_room_water, layout_vaults_big_room
Vaults:4: portal_desolation_entry_twin_temple, nicolae_vaults_oozy_zoo,
          nicolae_vaults_little_squares_5, ontoclasm_vaults_decontamination,
          v_misc_1, hangedman_vaults_stitches, layout_vaults_ring
Vaults:5
Depths:1: layout_gridlike, enter_ziggurat_b, hell_entry, serial_shops,
          nicolae_shop_behind_doors, item_on_display_a, grunt_megastairs_3,
          infiniplex_staircase_pool_lava, serial_bayou_shore_b, uniq_enchantress
Depths:2: minmay_gate_of_8, layout_cave_shapes, hangedman_coc_ice_floe,
          pan_entry, hangedman_abyss_entry_splay, grunt_dithmenos_smoke,
          infiniplex_staircase_pillars_2
Depths:3: minmay_the_grid_triangle_9x9_rhombus_thin
          [minmay_the_grid_triangle_9x9_sparse_checkered,
          minmay_the_grid_triangle_9x9_prize_center,
          minmay_the_grid_triangle_9x9_corrupted_corridor,
          minmay_the_grid_triangle_9x9_zippers_horizontal], layout_cave_pools,
          abyss_entry, serial_bayou_shore_b, grunt_pan_entry_in_and_out,
          pf_hell_entry_tar_spiral, minmay_microvault,
          infiniplex_staircase_pool_2, serial_bayou_shore_b, uniq_grunn,
          uniq_frederick
Depths:4: evilmike_zot_entry_round, layout_gridlike, hell_entry,
          grunt_pan_entry_zigzag
Zot:1:    layout_gridlike, hangedman_zot_wheel_spokes, st_stairs_13
Zot:2:    lemuel_draconian_sentries, layout_basic
Zot:3:    gammafunk_mikee_crab_dinner, layout_misc_corridors, uniq_tiamat
Zot:4:    layout_misc_corridors, regret_index_zotdec_zees, uniq_josephina
Zot:5:    layout_twisted_circle

Skill      XL: |  1  2  3  4  5  6  7  8  9 10 11 12 13 14 15 16 17 18 19 20 21 22 23 24 25 26 27 |
---------------+----------------------------------------------------------------------------------+-----
Fighting       | 4 5 6 8 9 10 11 12 14 16 18 20 21 23 24 | 24.1
Dodging        | 3 5 6 7 8 9 11 12 13 14 15 16 | 16.2
Axes           | 4 5 7 10 12 14 15 16 17 18 19 20 | 20.0
Armour         | 1 3 5 7 9 10 11 12 13 14 15 16 17 18 19 20 21 | 21.7
Shields        | 4 7 9 11 12 13 14 15 16 17 18 19 20 21 22 | 22.8
Necromancy     | 6 10 | 10.1
Evocations     | 5 |  5.4
Stealth        | |  6.0

Action                     |  1- 3 |  4- 6 |  7- 9 | 10-12 | 13-15 | 16-18 | 19-21 | 22-24 | 25-27 || total
---------------------------+-------+-------+-------+-------+-------+-------+-------+-------+-------++-------
  Melee: Hand axe          |   108 |    93 |       |       |       |       |       |       |       ||   201
         War axe           |       |   104 |   260 |   365 |       |       |       |       |       ||   729
         Punch             |       |     2 |     8 |    11 |       |       |       |       |       ||    21
         Broad axe         |       |       |       |   324 |   742 |   144 |       |       |       ||  1210
         Scimitar          |       |       |       |       |    54 |     3 |       |       |       ||    57
         Unarmed           |       |       |       |       |     4 |       |       |       |       ||     4
         Battleaxe         |       |       |       |       |   288 |   765 |   862 |   342 |  1014 ||  3271
         Bite              |       |       |       |       |       |       |       |       |   205 ||   205
   Cast: Fugue of the Fall |       |       |       |       |       |     5 |    25 |     8 |     4 ||    42
 Invoke: Fiery Armour      |       |       |     2 |       |       |       |       |       |       ||     2
         Foxfire Swarm     |       |       |       |     2 |       |       |       |       |       ||     2
         Rising Flame      |       |       |       |       |     1 |       |       |       |       ||     1
         Slimify           |       |       |       |       |       |     1 |     2 |       |     1 ||     4
         Oozemancy         |       |       |       |       |       |     1 |     1 |       |     1 ||     3
Ability: Dig               |       |       |       |       |       |     1 |       |       |     1 ||     2
  Evoke: Wand              |       |       |       |       |       |       |     1 |       |       ||     1
    Use: Potion            |       |     1 |     1 |    15 |     1 |     4 |     1 |     2 |     1 ||    26
         Scroll            |       |       |       |     8 |    11 |     9 |     5 |     1 |     7 ||    41
   Stab: Sleeping          |     6 |     4 |     3 |       |       |       |       |       |       ||    13
         Invisible         |       |       |       |       |       |    25 |       |       |       ||    25
         Petrified         |       |       |       |       |       |     3 |       |       |       ||     3
         Paralysed         |       |       |       |       |       |       |     2 |       |       ||     2
         Distracted        |       |       |       |       |       |       |     1 |       |       ||     1
         Confused          |       |       |       |       |       |       |       |       |    12 ||    12
 Armour: Leather armour    |    55 |   117 |       |       |       |       |       |       |       ||   172
         Scale mail        |       |    31 |   155 |    21 |       |       |       |       |       ||   207
         Plate armour      |       |       |       |   341 |   419 |   329 |   338 |    93 |   316 ||  1836
         Skin              |       |       |       |       |     6 |       |       |       |       ||     6
  Dodge: Dodged            |    69 |   140 |   232 |   526 |   464 |   463 |   413 |   185 |   492 ||  2984
  Block: Kite shield       |       |       |       |   191 |   792 |   793 |   737 |   333 |  1074 ||  3920

Levels and vault maps discovered:
D:1:      lemuel_arrival_behind_the_door_large, layout_rooms,
          dreamdust_ecumenical_altar_hidden_monk_grotto
D:2:      layout_loops_ring
D:3:      layout_basic, serial_forest, infiniplex_forest_clump_small,
          infiniplex_forest_end_2, infiniplex_forest_straight_2,
          infiniplex_forest_lined_2, infiniplex_forest_lined_4_way,
          infiniplex_forest_clump_cross, infiniplex_forest_end_2
D:4:      layout_loops_cross, grunt_temple_overflow_open
D:5:      layout_loops_corners, gammafunk_ghost_icy, guppyfry_early_orc_mine
D:6:      minmay_klotski, layout_basic, serial_shops, nicolae_stop_n_shop_2,
          nicolae_shop_clearance
D:7:      layout_basic, minmay_temple_entry_hall, roderic_roman_lattice,
          kb_rosetta, uniq_crazy_yiuf_cottage, uniq_duvessa
D:8:      layout_loops_corners, nicolae_specific_store, uniq_prince_ribbit1
D:9:      nicolae_moon_pools, layout_irregular_city, enter_bailey_7,
          minmay_gold_behind_fungi, nicolae_looking_at_the_future, uniq_grum,
          uniq_maggie
D:10:     layout_roguey, old_standard_altar, overflow_temple_1_default,
          lair_entry_dummy, enter_trove_5, uniq_josephine, uniq_psyche,
          uniq_joseph
D:11:     layout_basic, ebering_ghost_gozag
D:12:     layout_cave_pools, nicolae_water_bricks,
          nicolae_concentric_dashed_squares_wild, columned_hall_lemuel,
          uniq_nessos
D:13:     layout_rooms
D:14:     layout_cave_pools, david_vaults_4, minivault_11
D:15:     hangedman_depths_entry_civil_slaughter, layout_cave_pools,
          minmay_strange_pillars, lightli_minifort
Temple:   nicolae_temple_ecumenical_triangle
Lair:1:   layout_long_grid, infiniplex_staircase_pool, uniq_erica
Lair:2:   layout_regular_city, minmay_shoals_entry_hut,
          nicolae_snake_entry_warm_welcome, ebering_ghost_disaster_area,
          uniq_gastronok
Lair:3:   layout_gridlike, grunt_megastairs_4, uniq_kirke
Lair:4:   layout_long_grid, minmay_slime_entry_oklob_open
Lair:5:   minmay_lair_end_frog_pond, layout_cave_shapes,
          nicolae_lair_liquid_snakes, serial_bayou_shore_b
Shoals:1: layout_shoals, nicolae_shoals_cliffside_cave, nicolae_shop_gadgets
Shoals:2: layout_shoals, centaur_isle
Shoals:3: layout_shoals, serial_shops, nicolae_shop_rolling_square,
          uniq_polyphemus
Shoals:4: shoals_end_simple, layout_shoals, shoal_ilsuiw, uniq_mlioglotl,
          uniq_mara
Snake:1:  layout_gridlike, serial_bayou_shore_b, minmay_shop_grove,
          lemuel_fruit_tree, serial_bayou_shore_a
Snake:2:  gammafunk_the_bubble [the_bubble_gammafunk_crates],
          layout_grid_shapes, st_stairs_8, nicolae_shop_overcharged_wands,
          serial_bayou_shore_b, minmay_shop_star
Snake:3:  layout_grid_maze, basic_altar
Snake:4:  snake_pit_salamanders_mu, layout_chambers, serial_shops, shop,
          ebering_ghost_rock_garden, st_stairs_8, uniq_louise, uniq_saint_roka
Orc:1:    layout_diamond_mine, serial_shops, shop,
          nicolae_orc_takin'_care_of_business, uniq_fannar
Orc:2:    st_orc_pillars, layout_diamond_mine, serial_shops,
          nicolae_lakefront_shop, basic_altar, uniq_jorgrun
Vaults:1: nicolae_vaults_little_guard_posts,
          vaults_room_grunt_arrival_checkpoint, v_pattern_4,
          nicolae_vaults_storage_closets_1, nicolae_vaults_closet_pinwheel_3,
          nicolae_vaults_house_1, layout_vaults_omnigrid, uniq_boris
Vaults:2: ebering_ghost_inner_flame, ontoclasm_vaults_claustrophobia,
          grunt_vaults_twisty, minmay_crypt_entry_simple_round,
          vaults_dpeg_spiral, st_octagons_2, vaults_mumra_minichess, v_misc_9,
          hangedman_vaults_corner_blocks, v_pattern_1,
          ontoclasm_vaults_loading_screen, nicolae_vaults_sealed_display,
          nicolae_vaults_angled_halls, nicolae_vaults_border_crossing,
          layout_vaults_omnicross, uniq_margery
Vaults:3: ontoclasm_vaults_ring_square, hangedman_vaults_trim,
          nicolae_vaults_heist, st_diamondy, nicolae_vaults_heart-shaped_vault,
          vaults_room_pool, ontoclasm_vaults_hangar,
          vaults_mumra_minichess_inversion, vaults_dpeg_hooks,
          nicolae_vaults_storage_room_water, layout_vaults_big_room
Vaults:4: portal_desolation_entry_twin_temple, nicolae_vaults_oozy_zoo,
          nicolae_vaults_little_squares_5, ontoclasm_vaults_decontamination,
          v_misc_1, hangedman_vaults_stitches, layout_vaults_ring
Vaults:5
Depths:1: layout_gridlike, enter_ziggurat_b, hell_entry, serial_shops,
          nicolae_shop_behind_doors, item_on_display_a, grunt_megastairs_3,
          infiniplex_staircase_pool_lava, serial_bayou_shore_b, uniq_enchantress
Depths:2: minmay_gate_of_8, layout_cave_shapes, hangedman_coc_ice_floe,
          pan_entry, hangedman_abyss_entry_splay, grunt_dithmenos_smoke,
          infiniplex_staircase_pillars_2
Depths:3: minmay_the_grid_triangle_9x9_rhombus_thin
          [minmay_the_grid_triangle_9x9_sparse_checkered,
          minmay_the_grid_triangle_9x9_prize_center,
          minmay_the_grid_triangle_9x9_corrupted_corridor,
          minmay_the_grid_triangle_9x9_zippers_horizontal], layout_cave_pools,
          abyss_entry, serial_bayou_shore_b, grunt_pan_entry_in_and_out,
          pf_hell_entry_tar_spiral, minmay_microvault,
          infiniplex_staircase_pool_2, serial_bayou_shore_b, uniq_grunn,
          uniq_frederick
Depths:4: evilmike_zot_entry_round, layout_gridlike, hell_entry,
          grunt_pan_entry_zigzag
Zot:1:    layout_gridlike, hangedman_zot_wheel_spokes, st_stairs_13
Zot:2:    lemuel_draconian_sentries, layout_basic
Zot:3:    gammafunk_mikee_crab_dinner, layout_misc_corridors, uniq_tiamat
Zot:4:    layout_misc_corridors, regret_index_zotdec_zees, uniq_josephina
Zot:5:    layout_twisted_circle

Table legend: (Time is in decaauts)
 A = Elapsed time spent in this place.
 B = Non-inter-level travel time spent in this place.
 C = Inter-level travel time spent in this place.
 D = Time resting spent in this place.
 E = Time spent auto-exploring this place.
 F = Levels seen in this place.
 G = Mean time per level.
                   A        B        C        D        E       F      G
               +--------+--------+--------+--------+--------+-----+--------+
         Total |  30350 |  26786 |   3564 |    479 |  14428 |  46 |  659.8 |
       Dungeon |  12103 |  10409 |   1694 |     57 |   6667 |  15 |  806.9 |
        Temple |      1 |      1 |      0 |      0 |      0 |   1 |    1.0 |
          Lair |   5313 |   4657 |    656 |    221 |   2657 |   5 | 1062.6 |
        Shoals |   1264 |   1195 |     69 |     16 |    354 |   4 |  316.0 |
     Snake Pit |   2563 |   2163 |    400 |     57 |    928 |   4 |  640.8 |
  Orcish Mines |   1276 |   1059 |    217 |     30 |    471 |   2 |  638.0 |
        Vaults |   3301 |   3047 |    254 |     10 |   1466 |   5 |  660.2 |
        Depths |   2642 |   2440 |    202 |      0 |   1621 |   4 |  660.5 |
           Zot |   1540 |   1470 |     70 |     82 |    167 |   5 |  308.0 |
        Bailey |    342 |    342 |      0 |      6 |     96 |   1 |  342.0 |
               +--------+--------+--------+--------+--------+-----+--------+

Top non-repeatable levels by time:
     D:7: 1513 daAuts
  Lair:5: 1224 daAuts
Vaults:2: 1143 daAuts
     D:5: 1129 daAuts
  Lair:4: 1083 daAuts
  Lair:2: 1070 daAuts
     D:8: 1054 daAuts
     D:9: 1033 daAuts
   Orc:2: 1027 daAuts
Depths:1: 980 daAuts
  Lair:1: 976 daAuts
  Lair:3: 958 daAuts
Vaults:4: 941 daAuts
    D:10: 857 daAuts
    D:11: 848 daAuts

Table legend:
 A = Kills in this place as a percentage of kills in the entire game.
 B = Kills by you in this place as a percentage of kills by you in the entire game.
 C = Kills by friends in this place as a percentage of kills by friends in the entire game.
 D = Other kills in this place as a percentage of other kills in the entire game.
 E = Experience gained in this place as a percentage of experience gained in the entire game.
 F = Experience gained in this place divided by the number of levels of this place that you have seen.
                   A       B       C       D       E      F
               +-------+-------+-------+-------+-------+----------------------
         Total | 100.0 | 100.0 | 100.0 | 100.0 | 100.0 | 20522.8
       Dungeon |  21.0 |  21.0 |  30.0 |   7.7 |   6.4 | 3996.9
          Lair |  12.8 |  12.9 |   0.0 |   7.7 |   7.0 | 13179.0
        Shoals |   7.2 |   6.8 |  50.0 |  23.1 |   7.4 | 17521.2
     Snake Pit |  10.0 |  10.0 |  20.0 |   7.7 |   9.9 | 23391.5
  Orcish Mines |   7.0 |   7.1 |   0.0 |   0.0 |   2.0 | 9506.0
        Vaults |  16.8 |  16.8 |   0.0 |  30.8 |  22.8 | 43119.0
        Depths |  12.6 |  12.7 |   0.0 |   7.7 |  20.5 | 48358.8
           Zot |  10.9 |  10.9 |   0.0 |  15.4 |  23.8 | 44865.0
        Bailey |   1.6 |   1.6 |   0.0 |   0.0 |   0.2 | 2182.0
               +-------+-------+-------+-------+-------+----------------------
